Map: Eternal Empire LE

Players

goblin - Winner!

  • Race: Protoss Protoss
  • League: Grandmaster
  • Spawn Location: 1:00

BratOK (Brat_OK)

  • Race: Terran Terran
  • League: Master
  • Spawn Location: 7:00

Event: DreamHack SC2 Masters 2020 Fall

VOD

Have the link to the VOD?

Description

Time

  • Played on: Sept. 3, 2020, 12:19 p.m.
  • Length: 11:51

All games in this series

Show
View Real Time Build Order
Export as new Build Order

goblin Protoss - Winner!

Build Orders: 1 Gate Expand, Carriers, Colossus Rush 

Get SALT Encoding   

  12  0:00  Probe  
  13  0:12  Probe  
  14  0:17  Pylon  
  14  0:24  Probe (Chrono Boost)  
  15  0:36  Gateway, Probe (Chrono Boost)  
  16  0:45  Probe (Chrono Boost)  
  16  0:46  Assimilator  
  17  0:51  Probe  
  18  1:03  Probe  
  19  1:21  Probe  
  20  1:27  Cybernetics Core  
  20  1:35  Nexus  
  20  1:38  Probe  
  21  1:44  Assimilator  
  21  1:50  Pylon  
  21  2:00  Adept (Chrono Boost)  
  21  2:06  Probe (Chrono Boost)  
  23  2:11  Warp Gate  
  23  2:18  Probe (Chrono Boost)  
  23  2:19  Robotics Facility  
  24  2:23  Probe (Chrono Boost)  
  24  2:28  Adept  
  27  2:33  Probe  
  28  2:47  Probe (Chrono Boost)  
  28  2:50  Probe (Chrono Boost)  
  30  2:57  Probe (Chrono Boost)  
  30  2:58  Stalker  
  34  2:59  Probe (Chrono Boost), Pylon  
  34  3:03  Probe  
  35  3:06  Observer (Chrono Boost)  
  35  3:09  Probe  
  37  3:15  Probe  
  38  3:20  Shield Battery  
  38  3:21  Probe  
  38  3:24  Observer (Chrono Boost)  
  40  3:27  Probe  
  40  3:33  Probe  
  42  3:36  Pylon  
  42  3:39  Probe  
  42  3:41  Immortal (Chrono Boost)  
  47  3:45  Probe  
  47  3:47  Robotics Bay  
  48  3:51  Probe  
  49  3:56  Observer  
  49  3:58  Probe  
  49  3:59  Stalker  
  52  4:03  Probe  
  52  4:09  Pylon  
  53  4:10  Probe  
  53  4:13  Observer (Chrono Boost)  
  53  4:15  Probe  
  56  4:24  Gateway x2  
  56  4:25  Probe  
  56  4:26  Assimilator  
  56  4:27  Assimilator  
  56  4:29  Shield Battery  
  56  4:30  Observer  
  56  4:33  Warp Prism (Chrono Boost)  
  58  4:40  Probe x2  
  60  4:47  Extended Thermal Lance  
  60  4:49  Pylon  
  60  4:53  Probe x2  
  60  4:55  Observer  
  62  5:04  Colossus (Chrono Boost)  
  62  5:05  Pylon  
  68  5:25  Nexus  
  68  5:30  Pylon  
  68  5:38  Probe x2  
  70  5:46  Colossus (Chrono Boost)  
  76  5:50  Probe x2  
  77  5:57  Stargate, Stalker  
  77  5:58  Zealot, Pylon  
  81  6:06  Probe x2  
  81  6:09  Protoss Air Weapons Level 1  
  81  6:11  Stalker  
  81  6:20  Stalker x2  
  81  6:25  Probe (Chrono Boost)  
  83  6:30  Assimilator, Probe (Chrono Boost)  
  83  6:31  Warp Prism (Chrono Boost)  
  85  6:34  Assimilator  
  85  6:35  Probe (Chrono Boost)  
  85  6:39  Probe (Chrono Boost)  
  88  6:43  Sentry, Probe (Chrono Boost)  
  88  6:44  Pylon  
  88  6:45  Probe (Chrono Boost)  
  88  6:46  Probe (Chrono Boost)  
  92  6:50  Probe (Chrono Boost)  
  92  6:51  Fleet Beacon  
  92  6:52  Probe  
  92  6:53  Observer, Probe (Chrono Boost)  
  94  6:57  Stargate  
  96  7:05  Probe x2 (Chrono Boost)  
  96  7:06  Pylon  
  98  7:10  Probe (Chrono Boost)  
  98  7:14  Probe (Chrono Boost)  
  100  7:16  Probe (Chrono Boost)  
  100  7:18  Probe (Chrono Boost)  
  100  7:20  Probe  
  100  7:22  Disruptor  
  105  7:25  Probe  
  105  7:26  Pylon  
  105  7:27  Observer  
  106  7:36  Carrier (Chrono Boost)  
  111  7:39  Nexus  
  111  7:43  Pylon  
  117  7:52  Carrier (Chrono Boost)  
  117  7:54  Probe  
  117  7:55  Probe x2  
  117  7:57  Stargate  
  121  7:58  Observer  
  121  8:01  Twilight Council  
  121  8:03  Gravitic Boosters  
  121  8:04  Pylon  
  121  8:06  Probe  
  121  8:07  Probe  
  122  8:13  Zealot x3  
  122  8:19  Disruptor  
  131  8:21  Shield Battery  
  131  8:23  Shield Battery  
  137  8:34  Carrier (Chrono Boost)  
  137  8:43  Carrier (Chrono Boost)  
  137  8:47  Protoss Air Weapons Level 2 (Chrono Boost), Probe x2  
  145  8:49  Assimilator  
  145  8:51  Assimilator  
  145  8:52  Forge  
  145  8:59  Observer  
  146  9:07  Carrier (Chrono Boost)  
  148  9:11  Observer  
  148  9:19  Stalker x2  
  148  9:20  Stalker  
  148  9:23  Observer  
  154  9:31  Carrier (Chrono Boost)  
  154  9:33  Charge (Chrono Boost)  
  160  9:42  Observer, Gateway  
  160  9:43  Observer, Gateway  
  160  9:47  Gateway  
  160  9:49  Gateway  
  160  9:50  Carrier (Chrono Boost), Pylon  
  160  9:51  Gateway  
  158  9:57  Zealot x3  
  170  10:02  Pylon  
  170  10:08  Disruptor  
  170  10:09  Pylon x2  
  170  10:11  Pylon  
  170  10:13  Pylon  
  173  10:19  Zealot x2  
  173  10:20  Zealot  
  179  10:26  Pylon  
  178  10:41  Zealot, Stalker  
  174  10:55  Probe x4  
  178  11:09  Zealot x4  
  178  11:10  Zealot x4  
  154  11:33  Observer (Chrono Boost)  
  154  11:37  Probe x4  
  154  11:39  Zealot x2, Stalker x4  
  171  11:40  Zealot x2  
Show
View Real Time Build Order
Export as new Build Order

BratOK Terran 

Build Orders: 2 Factory, Cyclone Opening, Mech 

Get SALT Encoding   

  12  0:00  SCV  
  13  0:12  SCV  
  14  0:17  Supply Depot  
  14  0:24  SCV  
  15  0:38  SCV  
  15  0:40  Barracks  
  16  0:43  Refinery  
  16  0:50  SCV  
  16  0:53  Refinery  
  17  1:03  SCV  
  18  1:06  Supply Depot  
  18  1:15  SCV  
  19  1:27  Reaper  
  20  1:33  Orbital Command  
  20  1:44  Factory  
  20  1:59  SCV  
  21  2:05  Barracks Tech Lab  
  21  2:11  SCV  
  22  2:20  Command Center  
  22  2:28  SCV  
  23  2:37  Cyclone  
  23  2:40  Mag-Field Accelerator  
  23  2:43  Supply Depot  
  26  2:46  SCV  
  28  2:58  SCV  
  28  3:10  SCV  
  28  3:11  Cyclone  
  32  3:21  Factory  
  32  3:23  SCV  
  33  3:28  Barracks Reactor  
  33  3:34  Orbital Command  
  33  3:35  SCV  
  34  3:46  Cyclone  
  34  3:47  SCV  
  38  3:59  SCV  
  38  4:00  SCV  
  39  4:08  Command Center  
  39  4:11  SCV  
  42  4:17  Hellion x2  
  42  4:21  Cyclone  
  42  4:23  SCV  
  48  4:30  SCV  
  49  4:32  Supply Depot  
  49  4:35  SCV  
  50  4:42  Hellion x2  
  54  4:49  Factory  
  54  4:54  SCV x2  
  56  5:07  Siege Tank  
  56  5:09  SCV  
  56  5:10  SCV  
  56  5:12  Barracks Tech Lab  
  61  5:16  Supply Depot  
  61  5:20  Widow Mine x2  
  65  5:22  Orbital Command  
  65  5:23  Supply Depot  
  65  5:27  SCV x2  
  67  5:37  Factory  
  67  5:39  SCV  
  67  5:42  Barracks Reactor  
  68  5:49  Hellion  
  70  5:54  SCV x3  
  73  6:06  SCV x3  
  74  6:18  SCV x2  
  70  6:19  Siege Tank x2  
  70  6:20  SCV  
  70  6:24  Refinery  
  70  6:25  Refinery  
  77  6:30  Engineering Bay, SCV x2  
  77  6:32  SCV  
  80  6:34  Hellion x2  
  80  6:35  Hellion  
  86  6:42  SCV x2  
  86  6:44  SCV  
  89  6:48  Refinery  
  89  6:49  Refinery  
  89  6:54  SCV x2  
  89  6:55  Hellion  
  89  6:56  SCV  
  89  6:58  Armory x2  
  89  7:00  Missile Turret  
  94  7:04  Siege Tank  
  94  7:06  SCV  
  94  7:07  SCV  
  94  7:08  SCV  
  100  7:16  Supply Depot  
  100  7:18  SCV  
  100  7:19  Supply Depot  
  100  7:20  Missile Turret  
  100  7:22  Missile Turret, Supply Depot  
  101  7:30  Starport  
  101  7:37  Supply Depot  
  101  7:38  SCV x3  
  104  7:47  Terran Vehicle And Ship Armor Level 1, Terran Vehicle Weapons Level 1  
  104  7:48  Supply Depot  
  104  7:49  Thor  
  104  7:50  SCV  
  111  7:51  Thor  
  111  7:52  Hellion x3  
  111  7:56  SCV  
  124  8:05  Supply Depot  
  124  8:06  Supply Depot  
  124  8:13  SCV  
  124  8:14  Command Center  
  124  8:18  Starport, Fusion Core  
  124  8:19  Starport Tech Lab  
  125  8:21  Infernal Pre-Igniter  
  125  8:24  Drilling Claws  
  125  8:26  SCV x2  
  127  8:30  SCV  
  128  8:34  Missile Turret  
  128  8:39  Siege Tank x2  
  128  8:40  Hellion  
  136  8:42  SCV x2  
  136  8:47  SCV  
  139  8:48  Supply Depot  
  139  8:54  SCV  
  140  9:04  Starport Tech Lab, SCV x2  
  140  9:09  Missile Turret  
  142  9:15  Missile Turret x2  
  142  9:16  Battlecruiser  
  148  9:19  Refinery  
  148  9:20  SCV, Refinery  
  147  9:28  Missile Turret  
  147  9:29  Battlecruiser  
  147  9:30  Hellion x2  
  151  9:31  Orbital Command  
  151  9:47  Missile Turret x2  
  151  9:51  Hellion x4  
  151  10:01  Weapon Refit  
  151  10:09  Command Center, Supply Depot, Starport x2  
  151  10:12  Supply Depot  
  151  10:20  Widow Mine  
  151  10:21  Widow Mine x4  
  161  10:22  Smart Servos  
  161  10:30  Supply Depot  
  173  10:35  Battlecruiser x2  
  173  10:36  Supply Depot  
  171  10:46  Missile Turret  
  171  10:47  Starport Tech Lab x2, Missile Turret  
  165  11:00  Missile Turret  
  165  11:01  Missile Turret x3  
  165  11:06  Widow Mine x2  
  165  11:09  Missile Turret  
  169  11:17  Widow Mine x2  

Tags
 
Add a new tag
Caveats
  • Supply blocks, unpowered buildings, or Contaminate may cause inaccurate times.
  • Supply counts are checked every 10 seconds.